 Dungeon Crawl Stone Soup version 0.22-a0-455-ga0624bf (webtiles) character file.

91182 Gaball the Warrior (level 16, -1/116 HPs)
             Began as a Gargoyle Monk on June 5, 2018.
             Was the Champion of Nemelex Xobeh.
             Killed by divine providence
             ... invoked by an orc high priest
              (11 damage)
             ... on level 2 of the Orcish Mines on June 6, 2018.
             The game lasted 01:10:06 (24227 turns).

Gaball the Warrior (Gargoyle Monk)                 Turns: 24227, Time: 01:10:07

Health: -1/116     AC: 40    Str: 20    XL:     16   Next: 2%
Magic:  21/21      EV: 19    Int: 13    God:    Nemelex Xobeh [******]
Gold:   2741       SH:  9    Dex: 13    Spells: 15/15 levels left

rFire    . . .     SeeInvis .   P - +2 flail (protect)
rCold    . . .     Gourm    .   w - +2 shield {AC+3}
rNeg     + . .     Faith    +   R - +0 troll leather armour
rPois    ∞         Spirit   .   S - +2 helmet
rElec    +         Reflect  .   X - +0 cloak
rCorr    .         Harm     .   E - +1 pair of gloves {Str+3}
MR       +....                  G - +0 pair of boots
Stlth    ++........             n - amulet of faith
HPRegen  0.69/turn              k - +6 ring of evasion
MPRegen  0.17/turn              O - +3 ring of protection

@: protection aura, flying
A: big wings, negative energy resistance 1, screaming 1, electricity resistance,
weak 1, unbreathing, petrification resistance, no potion heal 1, rot immunity,
AC +12
a: Stop Flying, Triple Draw, Deal Four, Stack Five, Renounce Religion


You were on level 2 of the Orcish Mines.
You worshipped Nemelex Xobeh.
Nemelex Xobeh was exalted by your worship.
You were not hungry.

You visited 3 branches of the dungeon, and saw 23 of its levels.
You also visited: Ice Cave.

You collected 2741 gold pieces.

Inventory:

Hand Weapons
 d - a +3 dire flail of holy wrath
 P - a +2 flail of protection (weapon)
Missiles
 F - 4 silver tomahawks (quivered)
Armour
 w - a +2 shield of protection (worn)
 x - a +2 chain mail of fire resistance
 E - a +1 pair of gloves of strength (worn)
 G - a +0 pair of boots (worn)
 R - a +0 troll leather armour (worn)
 S - a +2 helmet (worn)
 X - a +0 cloak (worn)
Jewellery
 a - an uncursed ring of poison resistance
 j - an uncursed ring of resist corrosion
 k - a +6 ring of evasion (left hand)
 n - an amulet of faith (around neck)
 N - an uncursed ring of protection from fire
 O - a +3 ring of protection (right hand)
Wands
 h - a wand of scattershot (10)
 m - a wand of disintegration (12)
 v - a wand of flame (96)
 J - a wand of enslavement (15)
 M - a wand of paralysis (12)
Scrolls
 e - 2 scrolls of enchant weapon
 f - 8 scrolls of enchant armour
 l - 11 scrolls of remove curse
 o - 4 scrolls of identify
 s - 7 scrolls of teleportation
 y - 4 scrolls of blinking
 z - a scroll of magic mapping {unknown}
 A - 4 scrolls of fog
 D - 4 scrolls of immolation {unknown}
 U - 2 scrolls of silence {unknown}
Potions
 g - 2 potions of cancellation
 p - 4 potions of haste
 q - 3 potions of flight
 r - 3 potions of agility {unknown}
 t - a potion of brilliance {unknown}
 u - 9 potions of heal wounds
 C - 10 potions of curing
 I - 2 potions of magic
 K - 2 potions of invisibility
 L - a potion of might {unknown}
 W - 3 potions of resistance {unknown}
Miscellaneous
 b - a legendary deck of destruction {drawn: 5}
 i - a legendary deck of summoning {drawn: 6}
 B - an ornate deck of destruction {drawn: 4}
 T - a legendary deck of escape {drawn: 3}
 Y - an ornate deck of summoning {drawn: 1}
Comestibles
 c - 46 rations
 H - 6 chunks of flesh


   Skills:
 * Level 18.5 Fighting
 - Level 14.0 Maces & Flails
 + Level 12.1 Armour
 + Level 7.4 Dodging
 - Level 2.1 Stealth
 - Level 7.7 Invocations
 - Level 6.1 Evocations


You had 15 spell levels left.
You didn't know any spells.
Your spell library contained the following spells:

 Spells                   Type           Power        Failure   Level  Hunger
 Magic Dart               Conj           #...         94%         1    ##.....
 Fireball                 Conj/Fire      #.........   100%        5    ######.
 Conjure Flame            Conj/Fire      #.......     100%        3    ####...
 Lightning Bolt           Conj/Air       #.........   100%        5    ######.
 Slow                     Hex            #.......     98%         2    ###....
 Throw Flame              Conj/Fire      #.....       98%         2    ###....
 Mephitic Cloud           Conj/Pois/Air  #.......     100%        3    ####...
 Blink                    Tloc           N/A          98%         2    ###....
 Sticky Flame             Conj/Fire      #.......     100%        4    #####..
 Call Imp                 Summ           #.......     98%         2    ###....
 Shock                    Conj/Air       #...         94%         1    ##.....
 Swiftness                Chrm/Air       #.......     98%         2    ###....
 Airstrike                Air            #.........   100%        4    #####..
 Flame Tongue             Conj/Fire      #....        94%         1    ##.....
 Static Discharge         Conj/Air       #.......     100%        3    ####...
 Inner Flame              Hex/Fire       #.......     100%        3    ####...


Dungeon Overview and Level Annotations

Branches:
Dungeon (15/15)            Temple (0/1) D:4            Lair (6/6) D:9
  Swamp (0/4) Lair:3       Spider (0/4) Lair:3        Slime (0/5) Lair:5
    Orc (2/2) D:12            Elf (0/3) Orc:2        Vaults (0/5) D:14
 Depths (0/5) D:15

Altars:
Dithmenos
Fedhas
Hepliaklqana
Nemelex Xobeh
Okawaru
Qazlal
Yredelemnul
Beogh

Shops:
D:10 }

Annotations:
D:2 1 runed door
D:10 exclusion: orange crystal statue


Innate Abilities, Weirdness & Mutations

You are resistant to torment.
Your stone body is resilient. (AC +12)
You are immune to poison.
Your large and strong wings let you fly indefinitely.
You resist negative energy. (rN+)
You are resistant to electric shocks. (rElec)
You can survive without breathing.
You are immune to petrification.
You are immune to rotting.
You occasionally shout uncontrollably at your foes.
You are weak. (Str -2)
Potions are less effective at restoring your health.


Message History

The ice devil hits you!
* * * LOW HITPOINT WARNING * * *
The ice devil freezes you!!
* * * LOW HITPOINT WARNING * * *
Your system partially rejects the healing.
You feel much better.
You are covered in liquid flames!
* * * LOW HITPOINT WARNING * * *
The smoke demon gestures at you. The ball of steam hits you!
* * * LOW HITPOINT WARNING * * *
You block the ice devil's attack.
Evoke which item? (* to show all) (? for menu, Esc to quit)
You draw a card...
It is the Tomb.
Walls emerge from the floor!
You are covered in liquid flames!
* * * LOW HITPOINT WARNING * * *
The orc high priest invokes the aid of Beogh against you.
Beogh smites you!
You die...
Your body glows with a rainbow of weird colours and disappears.

.........................##
).......###.##...#........# .
..)......##.#....##..#[[))# ..
.....................#..[#####...
................)##)#..[[).8.....
..)........#.....#.##.....[......
...........#..§......((.(([o.....
...............##4o.(.##...o.....
...............#@#§)...##.38.....
............<(.##3....########...
.............(.(.[....# ...
..............((.......# #.
....................#.$.# .
......#..............#...#
[...................##...#
[......#............#
......#.#........#.##


You could see an orc high priest, an ice devil and a smoke demon.

Vanquished Creatures
  A frost giant (IceCv)
  An orc warlord (Orc:1)
  Josephine (Orc:2)
  An ice dragon (Lair:1)
  6 vault guards (D:14)
  4 hydras
  A catoblepas (D:13)
  A queen ant (Lair:3)
  2 death yaks (IceCv)
  2 tengu warriors
  5 two-headed ogres
  Sonja (D:10)
  Nergalle (Lair:3)
  3 unseen horrors
  4 orc knights
  3 orc sorcerers
  A deep elf mage (D:14)
  A manticore (D:15)
  4 ugly things
  5 slime creatures
  4 cyclopes
  2 elephants (Lair:4)
  13 spiny frogs
  4 black mambas (Lair:4)
  3 gargoyles
  3 kobold demonologists (D:15)
  11 komodo dragons
  5 trolls
  18 polar bears
  19 blink frogs
  8 dream sheep
  11 hippogriffs
  2 shadows
  3 redbacks (Lair:3)
  A spriggan (D:13)
  A wraith (Orc:2)
  45 yaks
  2 wyverns
  A water elemental (D:14)
  A golden eye (shapeshifter) (D:14)
  2 hungry ghosts
  A basilisk (Lair:5)
  A steam dragon (D:10)
  3 vampire mosquitoes (D:15)
  14 soldier ants (Lair:3)
  14 water moccasins
  7 porcupines
  3 ice beasts
  8 black bears
  9 ogres
  4 phantoms
  18 orc warriors
  5 sky beasts
  An eye of draining (D:13)
  23 wolves
  A necrophage (D:12)
  10 centaurs
  11 crocodiles
  5 big kobolds
  A bullfrog (shapeshifter) (D:14)
  12 bullfrogs
  3 wyvern skeletons
  6 scorpions
  18 killer bees
  A water moccasin skeleton (D:8)
  6 wights
  4 electric eels
  5 howler monkeys
  8 crimson imps
  2 centaur zombies
  5 hounds
  4 jellies
  A human zombie (D:2)
  3 bullfrog skeletons
  A quasit (D:7)
  2 bullfrog zombies
  8 orc priests
  12 orc wizards
  3 centaur skeletons
  2 iguanas
  35 worker ants
  4 hell rats (Lair:6)
  A howler monkey zombie (D:9)
  3 gnolls (D:12)
  A howler monkey skeleton (D:10)
  9 adders
  A river rat (D:4)
  3 shadow imps
  An adder zombie (D:7)
  3 worms
  A dart slug (D:1)
  8 leopard geckos
  57 orcs
  A ball python (D:2)
  6 giant cockroaches
  3 hobgoblins
  10 jackals
  5 quokkas
  5 bats
  A frilled lizard (D:1)
  5 goblins
  A jackal skeleton (D:5)
  30 kobolds
  A leopard gecko skeleton (D:7)
  A quokka skeleton (D:6)
  9 rats
  A butterfly (D:4)
658 creatures vanquished.

Vanquished Creatures (collateral kills)
  Gastronok (D:9)
  Frances (D:12)
  The ghost of Gildeon the Basher, a journeyman GrFi of Qazlal (Orc:2)
  A fire dragon (D:15)
  An ice dragon (D:15)
  2 vault guards (D:14)
  Fannar (D:11)
  2 hydras
  2 two-headed ogres
  An orc sorcerer (Orc:2)
  3 ugly things
  An oklob plant (Lair:6)
  A manticore (D:12)
  2 black mambas (Lair:6)
  Joseph (D:9)
  8 elephants
  3 spiny frogs (Lair:6)
  2 komodo dragons (Lair:6)
  2 trolls (D:9)
  Prince Ribbit (D:9)
  7 blink frogs
  4 dream sheep (Lair:6)
  A hippogriff (D:9)
  2 slime creatures (D:12)
  2 wyverns
  2 wraiths (Orc:2)
  5 yaks
  2 water moccasins
  A porcupine (Lair:1)
  7 orc warriors
  A black bear (D:9)
  An eye of draining (D:12)
  A necrophage (D:9)
  4 ogres (Orc:2)
  A phantom (D:4)
  A big kobold (D:15)
  2 bullfrogs
  9 killer bees
  3 wights (D:9)
  A centaur zombie (D:6)
  A hound (D:12)
  9 orc priests
  6 orc wizards
  A bullfrog skeleton (D:12)
  Ijyb (D:4)
  A hell rat (Lair:6)
  An adder (D:4)
  A leopard gecko (D:11)
  16 orcs
  A quokka (D:7)
  2 kobolds
  A fungus (Lair:6)
135 creatures vanquished.

Vanquished Creatures (others)
  A wizard (D:15)
  2 polar bears (IceCv)
  An orc warrior (D:11)
  2 killer bees (D:8)
  An iguana (D:5)
  4 ball lightnings
  2 orcs (D:11)
  A bush (Lair:1)
  8 fungi
  4 plants
26 creatures vanquished.

Grand Total: 819 creatures vanquished

Notes
Turn   | Place    | Note
-------+----------+-------------------------------------------
     0 | D:1      | Gaball the Gargoyle Monk began the quest for the Orb.
     0 | D:1      | Reached XP level 1. HP: 14/14 MP: 1/1
    86 | D:1      | Reached XP level 2. HP: 18/19 MP: 2/2
   469 | D:2      | Reached XP level 3. HP: 23/23 MP: 3/3
   903 | D:2      | Found a runed door.
   903 | D:2      | Noticed a human
   906 | D:2      | Found a basalt altar of Yredelemnul.
   933 | D:2      | Reached skill level 5 in Maces & Flails
   933 | D:2      | Reached XP level 4. HP: 14/28 MP: 4/4
  1100 | D:2      | Found a faded altar of an unknown god.
  1160 | D:2      | Became a worshipper of Nemelex Xobeh the Trickster
  1160 | D:2      | Received a gift from Nemelex Xobeh
  1160 | D:2      | Reached * piety under Nemelex Xobeh
  1160 | D:2      | Received a gift from Nemelex Xobeh
  1160 | D:2      | Reached ** piety under Nemelex Xobeh
  1160 | D:2      | Received a gift from Nemelex Xobeh
  1160 | D:2      | Received a gift from Nemelex Xobeh
  1587 | D:3      | Reached XP level 5. HP: 29/32 MP: 5/5
  1808 | D:3      | Reached *** piety under Nemelex Xobeh
  1991 | D:3      | Found an iron altar of Okawaru.
  2334 | D:4      | Noticed Ijyb
  2350 | D:4      | Killed Ijyb
  2470 | D:4      | HP: 1/32 [leopard gecko (3)]
  2816 | D:4      | Found a shadowy altar of Dithmenos.
  2914 | D:4      | Found a staircase to the Ecumenical Temple.
  3004 | D:4      | Reached XP level 6. HP: 37/37 MP: 6/6
  3379 | D:4      | Received a gift from Nemelex Xobeh
  3410 | D:4      | Noticed a phantom
  3420 | D:4      | Killed a phantom
  3525 | D:5      | Entered Level 5 of the Dungeon
  3585 | D:5      | Reached XP level 7. HP: 25/41 MP: 7/7
  4215 | D:5      | Reached **** piety under Nemelex Xobeh
  4548 | D:6      | Reached skill level 4 in Fighting
  4556 | D:6      | Reached XP level 8. HP: 29/48 MP: 8/8
  4939 | D:5      | Reached skill level 5 in Fighting
  5362 | D:6      | Reached skill level 6 in Fighting
  5899 | D:7      | Received a gift from Nemelex Xobeh
  5943 | D:7      | Reached skill level 10 in Maces & Flails
  6230 | D:7      | Reached XP level 9. HP: 29/56 MP: 9/9
  6513 | D:7      | Reached skill level 7 in Fighting
  6920 | D:7      | Received a gift from Nemelex Xobeh
  7203 | D:8      | Reached ***** piety under Nemelex Xobeh
  7303 | D:8      | Reached skill level 8 in Fighting
  7567 | D:8      | Received a gift from Nemelex Xobeh
  7658 | D:8      | Found a stormy altar of Qazlal.
  7839 | D:8      | Reached skill level 9 in Fighting
  8082 | D:8      | Reached XP level 10. HP: 66/66 MP: 10/10
  8591 | D:9      | Reached skill level 10 in Fighting
  8625 | D:9      | Found a staircase to the Lair.
  8665 | D:9      | Noticed Joseph
  8675 | D:9      | Killed Joseph
  8734 | D:9      | Received a gift from Nemelex Xobeh
  8739 | D:9      | Noticed Prince Ribbit
  8746 | D:9      | Reached skill level 1 in Armour
  8747 | D:9      | Killed Prince Ribbit
  8747 | D:9      | Reached skill level 1 in Evocations
  8880 | D:9      | Noticed Gastronok
  8896 | D:9      | Killed Gastronok
  8896 | D:9      | Reached skill level 11 in Fighting
  9363 | D:10     | Entered Level 10 of the Dungeon
  9370 | D:10     | Received a gift from Nemelex Xobeh
  9414 | D:10     | Reached XP level 11. HP: 74/74 MP: 12/12
  9528 | D:10     | Noticed Sonja
  9540 | D:10     | Killed Sonja
  9628 | D:10     | Paralysed by an orc for 4 turns
  9796 | D:10     | Noticed a two-headed ogre
  9804 | D:10     | Killed a two-headed ogre
  9891 | D:10     | Found Biegixebas's Gadget Shop.
 10362 | D:10     | Received a gift from Nemelex Xobeh
 10721 | D:10     | Noticed an orange crystal statue
 10794 | Lair:1   | Entered Level 1 of the Lair of Beasts
 10914 | Lair:1   | Reached skill level 12 in Fighting
 10970 | Lair:1   | Noticed a four-headed hydra
 10973 | Lair:1   | Noticed an ice dragon
 10973 | Lair:1   | a four-headed hydra changed into an ice dragon
 10986 | Lair:1   | Killed an ice dragon
 11014 | Lair:1   | Reached skill level 5 in Armour
 11194 | Lair:1   | Noticed a six-headed hydra
 11221 | Lair:1   | Killed a six-headed hydra
 11243 | Lair:1   | Reached XP level 12. HP: 69/82 MP: 15/15
 11361 | Lair:1   | Received a gift from Nemelex Xobeh
 11625 | Lair:2   | Reached skill level 13 in Fighting
 11625 | Lair:2   | Reached skill level 5 in Evocations
 12111 | Lair:2   | Noticed a four-headed hydra
 12126 | Lair:2   | Killed a four-headed hydra
 12156 | Lair:2   | Received a gift from Nemelex Xobeh
 12356 | Lair:2   | Reached ****** piety under Nemelex Xobeh
 12770 | Lair:2   | Reached skill level 14 in Fighting
 12815 | Lair:3   | Found a staircase to the Swamp.
 12841 | Lair:3   | Reached skill level 1 in Invocations
 12869 | Lair:3   | Reached XP level 13. HP: 75/90 MP: 17/17
 12905 | Lair:3   | Found a hole to the Spider Nest.
 12969 | Lair:3   | Received a gift from Nemelex Xobeh
 13215 | Lair:3   | Received a gift from Nemelex Xobeh
 13366 | Lair:3   | Noticed Nergalle
 13872 | Lair:3   | Killed Nergalle
 14045 | Lair:4   | Reached skill level 15 in Fighting
 14419 | Lair:4   | Received a gift from Nemelex Xobeh
 14575 | Lair:4   | Received a gift from Nemelex Xobeh
 14724 | Lair:4   | Reached skill level 5 in Invocations
 15126 | Lair:5   | Received a gift from Nemelex Xobeh
 15208 | Lair:5   | Got a transparent broad axe
 15209 | Lair:5   | Identified the +6 broad axe of Dividends {freeze, *Contam Int+5} (You found it on level 5 of the Lair of Beasts)
 15222 | Lair:5   | Gained mutation: You occasionally shout uncontrollably at your foes. [mutagenic glow]
 15257 | Lair:5   | Received a gift from Nemelex Xobeh
 15268 | Lair:5   | Gained mutation: Your large and strong wings let you fly indefinitely. [Gargoyle growth]
 15268 | Lair:5   | Reached XP level 14. HP: 91/98 MP: 18/18
 15394 | Lair:5   | Received a gift from Nemelex Xobeh
 15445 | Lair:5   | Found a staircase to the Slime Pits.
 15704 | Lair:6   | Entered Level 6 of the Lair of Beasts
 16044 | Lair:6   | Found a blossoming altar of Fedhas.
 16067 | Lair:6   | Received a gift from Nemelex Xobeh
 16073 | Lair:6   | Reached skill level 16 in Fighting
 16115 | Lair:6   | Found a labyrinth entrance.
 16891 | D:11     | Received a gift from Nemelex Xobeh
 17237 | D:11     | Noticed Fannar
 17249 | D:11     | Killed Fannar
 17686 | D:11     | Reached skill level 10 in Armour
 18201 | D:12     | Noticed Frances
 18216 | D:12     | Killed Frances
 18246 | D:12     | Received a gift from Nemelex Xobeh
 18356 | D:12     | Reached skill level 5 in Dodging
 18610 | D:12     | Received a gift from Nemelex Xobeh
 18799 | D:12     | Found a staircase to the Orcish Mines.
 19200 | D:13     | Found a hazy altar of Hepliaklqana.
 19321 | D:13     | Received a gift from Nemelex Xobeh
 19497 | D:13     | Received a gift from Nemelex Xobeh
 19827 | D:13     | Reached XP level 15. HP: 106/106 MP: 20/20
 19860 | D:13     | Reached skill level 17 in Fighting
 19881 | D:13     | Received a gift from Nemelex Xobeh
 20332 | D:14     | Received a gift from Nemelex Xobeh
 20422 | D:14     | Found a gate to the Vaults.
 20525 | D:14     | Received a gift from Nemelex Xobeh
 20526 | D:14     | Found a blossoming altar of Fedhas.
 21040 | D:15     | Entered Level 15 of the Dungeon
 21192 | D:15     | Received a gift from Nemelex Xobeh
 21212 | D:15     | Found a staircase to the Depths.
 21498 | D:15     | Gained mutation: Potions are less effective at restoring your health. [a neqoxec]
 21847 | Orc:1    | Entered Level 1 of the Orcish Mines
 21908 | Orc:1    | Found a roughly hewn altar of Beogh.
 22243 | Orc:1    | Received a gift from Nemelex Xobeh
 22393 | Orc:2    | Entered Level 2 of the Orcish Mines
 22393 | Orc:2    | Noticed Gildeon's ghost (journeyman GrFi)
 22397 | Orc:2    | Gained mutation: You are weak. (Str -2) [a neqoxec]
 22406 | Orc:2    | Killed Gildeon's ghost
 22409 | Orc:2    | Found a frozen archway.
 22478 | IceCv    | Entered an ice cave
 22649 | IceCv    | Reached skill level 18 in Fighting
 22832 | IceCv    | Received a gift from Nemelex Xobeh
 23001 | IceCv    | Noticed a frost giant
 23059 | IceCv    | Killed a frost giant
 23494 | Orc:2    | Noticed Josephine
 23518 | Orc:2    | Killed Josephine
 23529 | Orc:2    | Found a staircase to the Elven Halls.
 23611 | Orc:2    | Received a gift from Nemelex Xobeh
 23748 | Orc:2    | Paralysed by an orc sorcerer for 2 turns
 23764 | Orc:2    | Noticed an orc warlord
 23922 | Orc:1    | Killed an orc warlord
 24067 | Orc:2    | Reached XP level 16. HP: 56/116 MP: 21/21
 24220 | Orc:2    | Paralysed by an orc sorcerer for 2 turns
 24225 | Orc:2    | HP: 3/116 [ice devil[an orc high priest] (18)]
 24227 | Orc:2    | Killed from afar by an orc high priest

Vault maps used:
D:1:      lightli_arrival_maybe_door_vault
D:2:      first_ration, chequers_ecumenical_altar_island, minivault_23,
          dk_yredelemnul_ordeal
D:3:      okawaru_ov_weapons_minmay
D:4:      minmay_temple_entry_butterflies, grunt_dithmenos_shadows, uniq_ijyb
D:8:      kennysheep_little_box
D:9:      david_lair_shrubbed, uniq_joseph, uniq_gastronok, uniq_prince_ribbit1
D:10:     statuecave_lemuel, serial_shops, nicolae_shop_crystal, uniq_sonja
D:11:     uniq_fannar
D:12:     orc_david_3, enter_bailey_7, uniq_frances
D:13:     basic_altar, the_bakery
D:14:     erik_vaults_2, fedhas_altar_3, serial_bayou_lagoon_b
D:15:     grunt_enter_depths_hoard
Lair:3:   beast_lair_carwin_large_3, swamp_mist, spider_nest_entry_webs,
          zaba_anthell, serial_bayou_shore_b, uniq_nergalle
Lair:4:   beast_lair_carwin_large_1, lemuel_fruit_tree
Lair:5:   dpeg_slime_entry_corner
Lair:6:   due_jungle_book, lab_entry_generic, lemuel_oklob_altar
Orc:1:    nicolae_orc_lost_temple
Orc:2:    grunt_orc_cross, basic_altar, portal_ice_cave_entry_pillars_2,
          uniq_josephine
IceCv:    ice_cave_caverns_03

Skill      XL: |  1  2  3  4  5  6  7  8  9 10 11 12 13 14 15 |
---------------+----------------------------------------------+-----
Maces & Flails | 4 5 6 7 8 10 11 12 13 14 | 14.0
Fighting       | 4 6 9 11 12 14 15 16 18 | 18.5
Armour         | 3 5 7 9 10 12 | 12.1
Evocations     | 2 4 6 |  6.1
Invocations    | 1 5 7 |  7.7
Dodging        | 3 5 7 |  7.4
Stealth        | |  2.1

Action                   |  1- 3 |  4- 6 |  7- 9 | 10-12 | 13-15 | 16-18 || total
-------------------------+-------+-------+-------+-------+-------+-------++-------
Melee: Mace              |   131 |   199 |   597 |    93 |       |       ||  1020
       Flail             |       |       |       |   777 |  2223 |    38 ||  3038
Invok: Triple Draw       |       |       |       |       |     1 |       ||     1
       Deal Four         |       |       |       |       |     3 |       ||     3
 Abil: Fly               |       |       |       |       |     1 |       ||     1
Evoke: Deck              |       |     8 |    22 |    20 |    76 |     4 ||   130
       Wand              |       |       |     3 |    12 |     3 |       ||    18
  Use: Scroll            |       |     5 |     2 |     4 |     7 |       ||    18
       Potion            |       |       |       |     1 |       |     1 ||     2
 Stab: Sleeping          |     3 |     1 |     3 |     4 |     5 |       ||    16
       Distracted        |       |       |       |     2 |     5 |       ||     7
       Petrified         |       |       |       |       |    13 |       ||    13
       Petrifying        |       |       |       |       |     1 |       ||     1
  Eat: Chunk             |       |     9 |    13 |    18 |    37 |     1 ||    78
       Ration            |       |       |       |       |     1 |       ||     1
Armor: Robe              |    12 |       |       |       |       |       ||    12
       Ring mail         |    37 |   101 |   235 |    49 |       |       ||   422
       Troll leather arm |       |       |       |   276 |   816 |    38 ||  1130
Dodge: Dodged            |    85 |   119 |   327 |   725 |  1869 |    27 ||  3152
Block: Shield            |       |       |       |       |    46 |    17 ||    63

Table legend:
 A = Spawn XP
 B = Non-spawn XP
 C = Spawn XP percentage of total XP
 D = Spawn monster count
 E = Non-spawn monster count
 F = Spawn count percentage of total count
 G = Total turns spent on level
                    A         B        C        D         E        F      G
               +---------+---------+-------+---------+---------+-------+---------
         Total |       0 |  130260 |   0.0 |       0 |     798 |   0.0 | 24227
               +---------+---------+-------+---------+---------+-------+---------
           D:1 |       0 |      31 |   0.0 |       0 |      19 |   0.0 |   430
           D:2 |       0 |      96 |   0.0 |       0 |      23 |   0.0 |   986
           D:3 |       0 |      88 |   0.0 |       0 |      26 |   0.0 |  1256
           D:4 |       0 |     345 |   0.0 |       0 |      14 |   0.0 |   853
           D:5 |       0 |     498 |   0.0 |       0 |      16 |   0.0 |  1214
           D:6 |       0 |     942 |   0.0 |       0 |      21 |   0.0 |  1160
           D:7 |       0 |    1133 |   0.0 |       0 |      26 |   0.0 |  1301
           D:8 |       0 |    1640 |   0.0 |       0 |      43 |   0.0 |  1050
           D:9 |       0 |    4277 |   0.0 |       0 |      23 |   0.0 |  1164
          D:10 |       0 |    5866 |   0.0 |       0 |      58 |   0.0 |  1709
          D:11 |       0 |    4484 |   0.0 |       0 |      35 |   0.0 |   705
          D:12 |       0 |   10604 |   0.0 |       0 |      58 |   0.0 |  1310
          D:13 |       0 |    9623 |   0.0 |       0 |      36 |   0.0 |  1086
          D:14 |       0 |   12819 |   0.0 |       0 |      31 |   0.0 |   887
          D:15 |       0 |    5067 |   0.0 |       0 |      23 |   0.0 |   698
        Lair:1 |       0 |    7243 |   0.0 |       0 |      30 |   0.0 |   888
        Lair:2 |       0 |    9669 |   0.0 |       0 |      41 |   0.0 |  1118
        Lair:3 |       0 |   12504 |   0.0 |       0 |      75 |   0.0 |  1233
        Lair:4 |       0 |   11126 |   0.0 |       0 |      48 |   0.0 |  1081
        Lair:5 |       0 |    2506 |   0.0 |       0 |       9 |   0.0 |   668
        Lair:6 |       0 |    6032 |   0.0 |       0 |      28 |   0.0 |  1050
         Orc:1 |       0 |    5091 |   0.0 |       0 |      27 |   0.0 |   737
         Orc:2 |       0 |    6401 |   0.0 |       0 |      43 |   0.0 |   707
         IceCv |       0 |   12175 |   0.0 |       0 |      45 |   0.0 |   936
               +---------+---------+-------+---------+---------+-------+---------
